 Dungeon Crawl Stone Soup version 0.19-a0-926-g4486784 (webtiles) character file.

1918 Lessnames the Carver (level 8, -1/68 HPs)
             Began as a Demigod Fighter on July 6, 2016.
             Slain by an orc warrior
             ... wielding a +0 long sword
              (19 damage)
             ... on level 7 of the Dungeon.
             The game lasted 00:16:55 (7347 turns).

Lessnames the Carver (Demigod Fighter)              Turns: 7347, Time: 00:16:55

Health: -1/68      AC: 14    Str: 21    XL:     8   Next: 63%
Magic:  10/10      EV:  7    Int: 12    God:
Gold:   489        SH:  9    Dex: 17    Spells: 0 memorised, 7 levels left

rFire  . . .     SeeInvis .     a - +0 long sword
rCold  + . .     Gourm    .     J - +2 scale mail {rC+}
rNeg   . . .     Faith    .     c - +0 shield
rPois  .         Spirit   .     (no helmet)
rElec  .         Dismiss  .     b - +2 cloak
rCorr  .         Reflect  .     g - +0 pair of gloves
SustAt +         Harm     .     I - +0 pair of boots
MR     .....                    (no amulet)
Stlth  +.........               C - ring of stealth
                                (no ring)

@: not resistant to hostile enchantments, very unstealthy
A: high mp 1, sustain attributes
a: no special abilities


You were on level 7 of the Dungeon.
You were hungry.

You visited 1 branch of the dungeon, and saw 7 of its levels.

You collected 489 gold pieces.

Inventory:

Hand Weapons
 a - a +0 long sword (weapon)
 H - a +0 great sword
Armour
 b - a +2 cloak (worn)
 c - a +0 shield (worn)
 g - a +0 pair of gloves (worn)
 I - a +0 pair of boots (worn)
 J - a +2 scale mail of cold resistance (worn)
Jewellery
 w - an uncursed ring of wizardry
 C - a ring of stealth (right hand)
Wands
 p - a wand of paralysis (7/24)
Scrolls
 i - a scroll of fog {unknown}
 k - 4 scrolls of teleportation {unknown}
 n - a scroll of recharging
 t - 2 scrolls of enchant weapon {unknown}
 v - a scroll of blinking {unknown}
 y - 2 scrolls of magic mapping {unknown}
 z - a scroll of silence {unknown}
 A - 2 scrolls of remove curse {unknown}
 B - a scroll of fear {unknown}
 D - a scroll of amnesia {unknown}
 F - a scroll of random uselessness {unknown}
 K - a scroll of vulnerability {unknown}
Potions
 d - a potion of might
 e - a potion of berserk rage
 h - a potion of flight {unknown}
 j - 2 potions of magic
 m - a potion of heal wounds
 r - 3 potions of curing
 s - a potion of brilliance {unknown}
 u - 2 potions of agility
 G - 2 potions of haste {unknown}
 L - a potion of ambrosia {unknown}
Comestibles
 f - 5 bread rations
 l - 3 meat rations
 o - 5 fruits
 q - a royal jelly
 x - a slice of pizza


   Skills:
 - Level 5.0 Fighting
 + Level 9.9 Long Blades
 - Level 2.6 Armour
 - Level 2.6 Shields


You had 7 spell levels left.
You didn't know any spells.

Dungeon Overview and Level Annotations

Branches:
Dungeon (7/15)             Temple (0/1) D:7


Innate Abilities, Weirdness & Mutations

You have an increased reservoir of magic. (+10% MP)
Your attributes are resistant to harm.


Message History

You block the orc warrior's attack.
You closely miss the orc warrior.
The orc warrior is almost dead.
The orc warrior hits you with a long sword.
You hit the orc warrior but do no damage.
The orc warrior is almost dead.
You block the orc warrior's attack.
You closely miss the orc warrior.
The orc warrior is almost dead.
The orc warrior hits you with a long sword!
* * * LOW HITPOINT WARNING * * *
You hit the orc warrior but do no damage.
The orc warrior is almost dead.
The orc warrior hits you but does no damage.
You climb downwards.
There is a stone staircase leading up here.
Your shield prevents you from hitting the orc warrior.
The orc warrior is almost dead.
The orc warrior hits you with a long sword!!
You die...

#.#..###..###.############
#.#.......#...............
..#...##.##...#.########.#
#.#...##.##.#.#.#......#
###.#.##.##.#......#.(.#
#.....##.##.#...#..#...#
#.#.#..#.##.....#......#
#.#.##.#.####...#o.#.#.#
#)#.##.#.# ###..@).#...#
#o#......# #.....#######.
#.####...# #o#...(.......
#.# #.(.# #.#############
#.# ##..###.............#
#.# #.....############.#
#.#####.>............# #.#
#...........##.....#.# #.#
##############.###[#.# #.#


You could see an orc warrior and an orc.

Vanquished Creatures
  Sigmund (D:5)
  Eustachio (D:6)
  A water moccasin (D:7)
  The ghost of sergedm the Conjurer, an amateur DECj (D:4)
  A phantom (D:7)
  An ogre (D:5)
  5 giant frogs
  5 killer bees
  A howler monkey (D:5)
  3 crimson imps
  2 hounds
  A giant frog skeleton (D:6)
  An orc wizard (D:3)
  8 worker ants
  8 adders
  7 gnolls
  A shadow imp (D:7)
  2 oozes
  3 dart slugs
  7 orcs
  3 ball pythons
  3 bats (D:2)
  8 giant cockroaches
  8 goblins
  8 hobgoblins
  11 jackals
  7 kobolds
  3 quokkas
  4 giant newts
  A rat (D:1)
116 creatures vanquished.

Vanquished Creatures (others)
  An adder skeleton (D:4)
1 creature vanquished.

Grand Total: 117 creatures vanquished

Notes
Turn   | Place    | Note
-------+----------+-------------------------------------------
     0 | D:1      | Lessnames the Demigod Fighter began the quest for the Orb.
     0 | D:1      | Reached XP level 1. HP: 18/18 MP: 3/3
    67 | D:1      | Reached skill level 2 in Long Blades
   250 | D:1      | Reached XP level 2. HP: 25/25 MP: 4/4
   584 | D:1      | Reached skill level 3 in Long Blades
  1016 | D:2      | Reached XP level 3. HP: 30/30 MP: 5/5
  1519 | D:2      | Reached XP level 4. HP: 31/38 MP: 6/6
  1527 | D:2      | Reached skill level 4 in Long Blades
  2139 | D:3      | Found an opulent altar of Gozag.
  2631 | D:3      | Reached XP level 5. HP: 37/45 MP: 7/7
  2858 | D:4      | Noticed sergedm's ghost (amateur DECj)
  3357 | D:4      | Reached skill level 5 in Long Blades
  3549 | D:5      | Entered Level 5 of the Dungeon
  3822 | D:5      | Noticed an ogre
  3829 | D:5      | Killed an ogre
  3829 | D:5      | Reached XP level 6. HP: 52/52 MP: 8/8
  4237 | D:5      | Reached skill level 6 in Long Blades
  4415 | D:5      | Noticed Sigmund
  4432 | D:5      | Killed Sigmund
  4432 | D:5      | Reached XP level 7. HP: 60/60 MP: 9/9
  5036 | D:4      | Killed sergedm's ghost
  5112 | D:6      | Reached skill level 5 in Fighting
  5112 | D:6      | Reached skill level 7 in Long Blades
  5131 | D:6      | Found an iron altar of Okawaru.
  5437 | D:6      | Noticed Eustachio
  5448 | D:6      | Killed Eustachio
  5448 | D:6      | Reached skill level 8 in Long Blades
  5448 | D:6      | Reached XP level 8. HP: 64/68 MP: 10/10
  6418 | D:7      | Found a staircase to the Ecumenical Temple.
  6493 | D:7      | Reached skill level 9 in Long Blades
  7347 | D:7      | Slain by an orc warrior

Vault maps used:
D:1:      dpeg_arrival_rooms_b
D:2:      first_bread
D:3:      nicolae_gozag_seed_capital, feat_on_display
D:4:      minivault_1
D:5:      hangedman_decor_clover_reticule, uniq_sigmund
D:6:      okawaru_ov_weapons_minmay, uniq_eustachio

Skill      XL: |  1  2  3  4  5  6  7  8 |
---------------+-------------------------+-----
Long Blades    | 2 3 4 5 6 8 9 |  9.9
Fighting       | 3 4 5 |  5.0
Armour         | |  2.6
Shields        | |  2.6

Action                   |  1- 3 |  4- 6 |  7- 9 || total
-------------------------+-------+-------+-------++-------
Melee: Long sword        |   148 |   256 |   196 ||   600
       Great sword       |       |       |    56 ||    56
Evoke: Wand              |       |     3 |    11 ||    14
  Use: Scroll            |       |     2 |     5 ||     7
       Potion            |       |       |     1 ||     1
 Stab: Paralysed         |       |     6 |    15 ||    21
       Sleeping          |       |       |     1 ||     1
  Eat: Chunk             |     2 |    10 |     7 ||    19
       Pizza             |       |       |     1 ||     1
Armor: Scale mail        |    41 |    83 |    92 ||   216
Dodge: Dodged            |    47 |    53 |    63 ||   163
Block: Shield            |    74 |   104 |    86 ||   264
